 Dungeon Sprint DCSS version 0.28-a0-245-g639a1a48b9 (webtiles) character file.

Game seed: 2590713113735110684

243 MikeHunt the Martial Artist (level 5, 0/47 HPs)
             Began as a Demonspawn Monk on Aug 24, 2021.
             Was an Elder of Wu Jian.
             Slain by Ijyb (6 damage)
             ... while paralysed by a floating eye
             ... in the Dungeon (Sprint VII: "The Pits").
             The game lasted 00:03:18 (743 turns).

MikeHunt the Martial Artist (Demonspawn Monk)        Turns: 743, Time: 00:03:19

Health: 0/47       AC:  2    Str: 12    XL:     5   Next: 82%
Magic:  5/5        EV:  2    Int: 12    God:    Wu Jian [****..]
Gold:   0          SH:  0    Dex: 15    Spells: 4/4 levels left

rFire   . . .      SeeInvis .     - Unarmed
rCold   . . .      Faith    .   (no shield)
rNeg    . . .      Spirit   .   a - +0 robe
rPois   .          Reflect  .   (no helmet)
rElec   .          Harm     .   (no cloak)
rCorr   .          Rampage  .   (no gloves)
Will    .....      NoTele   +   (no boots)
Stlth   ++........              (no amulet)
HPRegen 0.15/turn               (no ring)
MPRegen 0.09/turn               (no ring)

@: paralysed
A: hooves 1, demonic magic 1
a: Renounce Religion, Wall Jump, Serpent's Lash


You were in the Dungeon.
You worshipped Wu Jian.
Wu Jian was greatly pleased with you.
You visited 1 branch

Inventory:

Armour
 a - a +0 robe (worn)
 f - a +3 chain mail of willpower
Scrolls
 g - a scroll of blinking
Potions
 b - 6 potions of curing
 c - 5 potions of heal wounds
 d - a potion of haste
 e - 4 potions of magic
 h - a potion of invisibility


   Skills:
 + Level 6.5 Fighting
 + Level 4.0 Armour
 - Level 2.6 Dodging
 - Level 1.7 Stealth
 + Level 9.2 Unarmed Combat


You had 4 spell levels left.
You didn't know any spells.
Your spell library was empty.

Dungeon Overview and Level Annotations

Branches:
Dungeon (1/1)

Altars:
Ashenzari
Cheibriados
Dithmenos
Elyvilon
Fedhas
Gozag
Hepliaklqana
Kikubaaqudgha
Makhleb
Nemelex Xobeh
Okawaru
Qazlal
Ru
Sif Muna
Trog
Uskayaw
Vehumet
Wu Jian
Xom
Yredelemnul
Zin
The Shining One
Beogh
Jiyva
Lugonu

Annotations:
D Ijyb


Innate Abilities, Weirdness & Mutations

You have large cloven feet.
Spells you cast may paralyse adjacent enemies.


Message History

You hit Ijyb but do no damage. You kick Ijyb, but do no damage.
Ijyb is heavily wounded.
Ijyb hits you with a +0 club.
The floating eye gazes piercingly through you!
You suddenly lose the ability to move!
Ijyb hits you with a +0 club. The floating eye seems to glare at you.
Ijyb hits you but does no damage. Ijyb hits you with a +0 club.
The floating eye gazes piercingly through you!
You shrug off the repeated paralysis!
Ijyb hits you with a +0 club.
You can move again.
Unknown command.
You hit Ijyb.
Ijyb is heavily wounded.
Ijyb barely misses you. The floating eye seems to glare at you.
You barely miss Ijyb. You kick Ijyb.
Ijyb is severely wounded.
You hit Ijyb but do no damage.
Ijyb is severely wounded.
Ijyb closely misses you.
You hit Ijyb but do no damage.
Ijyb is severely wounded.
Ijyb hits you with a +0 club.
You hit Ijyb.
Ijyb is almost dead.
Ijyb hits you with a +0 club.
* * * LOW HITPOINT WARNING * * *
The floating eye gazes piercingly through you!
You suddenly lose the ability to move!
Ijyb hits you but does no damage. Ijyb hits you with a +0 club.
* * * LOW HITPOINT WARNING * * *
The floating eye's view fixates on you. Ijyb hits you with a +0 club.
* * * LOW HITPOINT WARNING * * *
Ijyb hits you with a +0 club.
You die...

##########.##.....
#...........'.....
#'#####'#####.....
#.#[.#.....##.....
#.#))#####'#####'#
#.#))#...).##.....
#.#))#.....##.....
#.#..###)####.....
#@##'#.....##...<.
#g#........##.....
#G#........##.....
#'###########.....
#.......# ######
#.###...# #.# .#
#.# #..


You could see Ijyb and a floating eye (charged).

Vanquished Creatures
  A floating eye (D)
  A scorpion (D)
  A crimson imp (D)
  A quasit (D)
  An ufetubus (D)
  An adder zombie (D)
  2 orcs (D)
  2 endoplasms (D)
  A frilled lizard (D)
  A rat (D)
12 creatures vanquished.

Notes
Turn   | Place    | Note
-------+----------+-------------------------------------------
     0 | D        | MikeHunt the Demonspawn Monk began the quest for the Orb.
     0 | D        | Reached XP level 1. HP: 18/18 MP: 1/1
    13 | D        | Reached skill level 3 in Unarmed Combat
    15 | D        | Found a bloodstained altar of Trog.
    15 | D        | Found a shimmering blue altar of Sif Muna.
    15 | D        | Found a viscous altar of Jiyva.
    15 | D        | Found a hazy altar of Hepliaklqana.
    15 | D        | Found an opulent altar of Gozag.
    16 | D        | Found a basalt altar of Yredelemnul.
    16 | D        | Found a shimmering altar of Xom.
    16 | D        | Found an ornate altar of the Wu Jian Council.
    16 | D        | Found a sacrificial altar of Ru.
    16 | D        | Found a stormy altar of Qazlal.
    16 | D        | Found an iron altar of Okawaru.
    16 | D        | Found a sparkling altar of Nemelex Xobeh.
    16 | D        | Found a burning altar of Makhleb.
    16 | D        | Found a blossoming altar of Fedhas.
    16 | D        | Found a shadowy altar of Dithmenos.
    16 | D        | Found a snail-covered altar of Cheibriados.
    17 | D        | Found a radiant altar of Vehumet.
    17 | D        | Found a corrupted altar of Lugonu.
    18 | D        | Found a hide-covered altar of Uskayaw.
    18 | D        | Found an ancient bone altar of Kikubaaqudgha.
    18 | D        | Found a broken altar of Ashenzari.
    28 | D        | Became a worshipper of the Wu Jian Council
    28 | D        | Reached * piety under Wu Jian
    28 | D        | Reached ** piety under Wu Jian
    41 | D        | Noticed a scorpion
    54 | D        | Killed a scorpion
    55 | D        | Reached skill level 7 in Unarmed Combat
    55 | D        | Gained mutation: Spells you cast may paralyse adjacent
                  | enemies. [demonic ancestry]
    55 | D        | Reached XP level 2. HP: 23/24 MP: 2/2
    55 | D        | Reached XP level 3. HP: 28/29 MP: 3/3
   232 | D        | Reached *** piety under Wu Jian
   262 | D        | Reached skill level 8 in Unarmed Combat
   262 | D        | Reached XP level 4. HP: 25/37 MP: 4/4
   688 | D        | Noticed Ijyb
   692 | D        | Noticed a floating eye
   696 | D        | Noticed a floating eye
   697 | D        | Paralysed by a floating eye for 3 turns
   706 | D        | Paralysed by a floating eye for 2 turns
   710 | D        | Paralysed by a floating eye for 2 turns
   716 | D        | Reached **** piety under Wu Jian
   717 | D        | Reached skill level 5 in Fighting
   717 | D        | Reached skill level 1 in Armour
   717 | D        | Gained mutation: You have large cloven feet. [demonic
                  | ancestry]
   717 | D        | Reached XP level 5. HP: 40/44 MP: 5/5
   717 | D        | Paralysed by a floating eye for 2 turns
   721 | D        | Killed a floating eye
   722 | D        | Reached skill level 9 in Unarmed Combat
   723 | D        | Paralysed by a floating eye for 3 turns
   730 | D        | Paralysed by a floating eye for 4 turns
   739 | D        | Paralysed by a floating eye for 4 turns
   743 | D        | Slain by Ijyb

Illustrated notes

Levels and vault maps discovered:
D:        pitsprint [storerooms_1, entrance_room_1, metal_vault_5, armoury_3,
          mini_pit_1, grid_room_1, main_hall_1, silver_pit, the_coven_3,
          the_vestibule_1, steel_vault_5, golden_pit, hallway_of_sentries,
          crystal_vault_2, iron_vault_1, final_vault]

Skill      XL: |  1  2  3  4  5 |
---------------+----------------+-----
Unarmed Combat | 7 8 9 |  9.2
Fighting       | 4 5 6 |  6.5
Armour         | 1 4 |  4.0
Dodging        | |  2.6
Stealth        | |  1.7

Action                   |  1- 3 |  4- 6 || total
-------------------------+-------+-------++-------
Melee: Unarmed           |    23 |    36 ||    59
       Punch             |       |     2 ||     2
       Kick              |       |     6 ||     6
Invok: Lunge             |       |     2 ||     2
 Abil: Wall Jump         |     1 |       ||     1
  Use: Potion            |     2 |     3 ||     5
 Stab: Sleeping          |     3 |       ||     3
       Invisible         |       |     4 ||     4
Armor: Robe              |     4 |     7 ||    11
Dodge: Dodged            |    27 |    23 ||    50

Table legend: (Time is in decaauts)
 A = Elapsed time spent in this place.
 B = Non-inter-level travel time spent in this place.
 C = Inter-level travel time spent in this place.
 D = Time resting spent in this place.
 E = Time spent auto-exploring this place.
 F = Levels seen in this place.
 G = Mean time per level.
                   A        B        C        D        E       F      G
               +--------+--------+--------+--------+--------+-----+--------+
         Total |    769 |    769 |      0 |    498 |      0 |   1 |  769.0 |
       Dungeon |    769 |    769 |      0 |    498 |      0 |   1 |  769.0 |
               +--------+--------+--------+--------+--------+-----+--------+

Top non-repeatable levels by time:
       D: 769 daAuts
